[Event "Titled Tuesday Blitz August 24 2021"]
[White "Aradhya, Garg"]
[Black "MATHEUSMDR2005"]
[WhiteFideId "25006746"]
[WhiteElo "2146"]
[BlackElo "2453"]
[Result "1-0"]
[Round "03"]
[TimeControl "180+1"]
[Date "2021.08.24"]
[WhiteClock "0:01:41"]
[BlackClock "0:00:01"]

1. d4 e6 2. c4 d5 3. Nc3 Nf6 4. cxd5 exd5 5. Bg5 Be7 6. e3 O-O 7. Bd3 c6 8. Nge2 Nbd7 9. Qc2 Re8 10. O-O Nf8 11. Rae1 g6 12. Bh4 Ne6 13. f3 b5 14. Kh1 Bb7 15. Bf2 Rc8 16. h3 b4 17. Na4 c5 18. dxc5 Nxc5 19. Nxc5 Bxc5 20. Qd2 Qb6 21. Nd4 Bxd4 22. exd4 Rxe1 23. Rxe1 Re8 24. g4 Rxe1+ 25. Qxe1 Qe6 26. Qxb4 Bc6 27. Qb8+ Kg7 28. Qe5 Qxe5 29. dxe5 Nd7 30. f4 a5 31. Kg1 g5 32. Bd4 h6 33. e6+ Nf6 34. fxg5 hxg5 35. e7 a4 36. h4 gxh4 37. g5 h3 38. Kh2 Bd7 39. Bxf6+ Kg8 40. Bf5 Be8 41. Kxh3 a3 42. b4 d4 43. Kh4 d3 44. Kh5 d2 45. Kh6 d1=Q 46. Bh7# 1-0


[Site "https://www.chess.com"]

[Event "Titled Tuesday Blitz August 24 2021"]
[White "Astafurov, Arseniy"]
[Black "Starozhilov, Leonid"]
[WhiteFideId "24175218"]
[BlackFideId "14106752"]
[WhiteElo "2163"]
[BlackElo "2414"]
[Result "1/2-1/2"]
[Round "03"]
[TimeControl "180+1"]
[Date "2021.08.24"]
[WhiteClock "0:00:09"]
[BlackClock "0:00:31"]

1. c4 Nf6 2. Nc3 g6 3. Nf3 d6 4. g3 Bg7 5. d4 O-O 6. Bg2 c6 7. O-O Bf5 8. Qb3 Qb6 9. Re1 Na6 10. h3 Qxb3 11. axb3 Nb4 12. Ra4 a5 13. e4 Bd7 14. Bd2 b5 15. cxb5 cxb5 16. Rxb4 axb4 17. Nd5 Nxd5 18. exd5 Ra2 19. Rxe7 Bf5 20. Bxb4 Rxb2 21. Bxd6 Rxb3 22. Rb7 Rc8 23. Bc5 Be4 24. Ng5 Bxg2 25. Kxg2 Rd3 26. Nxf7 Bxd4 27. Nh6+ Kh8 28. Nf7+ Kg8 29. Nh6+ Kh8 30. Nf7+ Kg8 1/2-1/2


[Site "https://www.chess.com"]

[Event "Titled Tuesday Blitz August 24 2021"]
[White "Avramidou, Anastasia"]
[Black "Ozen, Bahadir"]
[WhiteFideId "4239873"]
[BlackFideId "6337058"]
[WhiteElo "2183"]
[BlackElo "2503"]
[Result "0-1"]
[Round "03"]
[TimeControl "180+1"]
[Date "2021.08.24"]
[WhiteClock "0:00:45"]
[BlackClock "0:00:53"]

1. Nf3 b6 2. g3 Bb7 3. Bg2 c5 4. O-O Nf6 5. d3 e6 6. e4 d5 7. e5 Nfd7 8. Re1 Be7 9. Nbd2 g5 10. c4 g4 11. Nh4 Bxh4 12. gxh4 Qxh4 13. cxd5 Bxd5 14. Bxd5 exd5 15. e6 Nf6 16. Qa4+ Ke7 17. exf7+ Kxf7 18. Nf1 Nbd7 19. Bf4 Rhe8 20. Rxe8 Rxe8 21. Qxa7 Qh5 22. Ng3 Qg6 23. Rd1 h5 24. d4 h4 25. Nf1 Qf5 26. Be3 c4 27. b3 Qf3 28. Re1 h3 0-1


[Site "https://www.chess.com"]

[Event "Titled Tuesday Blitz August 24 2021"]
[White "Bai, Adelard"]
[Black "Tristan, Leonardo"]
[WhiteFideId "16301188"]
[BlackFideId "113816"]
[WhiteElo "2564"]
[BlackElo "2785"]
[Result "0-1"]
[Round "03"]
[TimeControl "180+1"]
[Date "2021.08.24"]
[WhiteClock "0:00:01"]
[BlackClock "0:00:05"]

1. d4 d5 2. Nf3 Nf6 3. Bf4 e6 4. e3 Bd6 5. Nbd2 O-O 6. Bd3 b6 7. Qe2 Bb7 8. O-O Ne4 9. Bxd6 cxd6 10. c4 Nxd2 11. Nxd2 dxc4 12. Nxc4 Qe7 13. Qg4 Nd7 14. Qg3 e5 15. Rad1 e4 16. Qxd6 Qxd6 17. Nxd6 exd3 18. Nxb7 Rfc8 19. Rxd3 Rc2 20. Nd6 Rxb2 21. Rc3 Rxa2 22. Rc7 Nf6 23. Rfc1 Rf8 24. e4 h5 25. f3 h4 26. Nf5 h3 27. gxh3 g6 28. Ne7+ Kg7 29. e5 Nh5 30. Nd5 Rd8 31. Nf6 Nxf6 32. exf6+ Kxf6 33. Rb7 Rxd4 34. h4 Rxh4 35. Rcc7 Rhxh2 36. Rxf7+ Kg5 37. Rbe7 Rhe2 0-1


[Site "https://www.chess.com"]

[Event "Titled Tuesday Blitz August 24 2021"]
[White "Balakrishnan, Praveen"]
[Black "Aldokhin, Ivan"]
[WhiteFideId "2064871"]
[BlackFideId "24115720"]
[WhiteElo "2798"]
[BlackElo "2586"]
[Result "1-0"]
[Round "03"]
[TimeControl "180+1"]
[Date "2021.08.24"]
[WhiteClock "0:00:13"]
[BlackClock "0:00:04"]

1. Nf3 Nf6 2. d4 g6 3. Bf4 Bg7 4. e3 O-O 5. Nbd2 d6 6. h3 Nc6 7. c3 Qe8 8. Bh2 e5 9. Be2 e4 10. Ng1 Nd5 11. Bc4 Nb6 12. Bb3 a5 13. a4 Kh8 14. Ne2 Bd7 15. Nf4 f5 16. Nc4 Nxc4 17. Bxc4 Ne7 18. h4 b5 19. axb5 Bxb5 20. Qe2 Bc6 21. Ne6 Nd5 22. Nxf8 Qxf8 23. h5 g5 24. Bb5 Bb7 25. h6 Bxh6 26. Qh5 Nf6 27. Qh3 Bg7 28. Qxf5 h6 29. Bg3 Bc8 30. Qxg5 Rb8 31. Rxa5 Be6 32. Bf4 Nh7 33. Qg6 Bf7 34. Qxe4 Qg8 35. Bd3 Nf6 36. Qf5 Nd5 37. Bxh6 Bxh6 38. Rxh6+ Kg7 39. Rh7+ Qxh7 40. Qxh7+ Kf8 41. Qh8+ Ke7 42. Qxb8 1-0


[Site "https://www.chess.com"]

[Event "Titled Tuesday Blitz August 24 2021"]
[White "Begunov, Konstantin"]
[Black "Mikhailovsky, Vladimir"]
[WhiteFideId "4118510"]
[BlackFideId "34105414"]
[WhiteElo "2262"]
[BlackElo "2315"]
[Result "0-1"]
[Round "03"]
[TimeControl "180+1"]
[Date "2021.08.24"]
[WhiteClock "0:00:07"]
[BlackClock "0:00:04"]

1. d4 d5 2. c4 c6 3. Nc3 Nf6 4. cxd5 Nxd5 5. Nf3 Nxc3 6. bxc3 Bf5 7. Nd2 e5 8. e4 Bg6 9. dxe5 Nd7 10. f4 Qa5 11. Qf3 f5 12. exf6 Nxf6 13. e5 Nd5 14. f5 Bf7 15. e6 Bg8 16. Nc4 Qxc3+ 17. Qxc3 Nxc3 18. Bb2 Nd5 19. Nd6+ Bxd6 20. Bxg7 Bb4+ 21. Kf2 Bc3 22. Bxh8 Bxh8 23. Rb1 O-O-O 24. Bc4 Nc3 25. Rbe1 Bf6 26. Kf3 Re8 27. g4 b5 28. Bb3 h6 29. h4 a5 30. a3 a4 31. Bc2 Nd5 32. Be4 Kc7 33. Bxd5 cxd5 34. Kf4 Kd6 35. g5 hxg5+ 36. Kg4 Bc3 37. hxg5 Bxe1 38. Rxe1 d4 39. g6 Bxe6 40. fxe6 Rxe6 41. Rxe6+ Kxe6 42. Kf4 b4 43. Ke4 bxa3 44. Kxd4 a2 45. g7 a1=Q+ 0-1


[Site "https://www.chess.com"]

[Event "Titled Tuesday Blitz August 24 2021"]
[White "Bologan, Victor"]
[Black "Pacheco Lugo, Alejandro Jose"]
[WhiteFideId "13900048"]
[BlackFideId "3903745"]
[WhiteElo "2511"]
[BlackElo "2125"]
[Result "0-1"]
[Round "03"]
[TimeControl "180+1"]
[Date "2021.08.24"]
[WhiteClock "0:00:03"]
[BlackClock "0:00:34"]

1. e4 c5 2. Nf3 d6 3. d4 cxd4 4. Nxd4 Nf6 5. Nc3 a6 6. Be3 e5 7. Nb3 Be7 8. Be2 Be6 9. Qd3 Nbd7 10. f4 b5 11. O-O-O Qc7 12. Kb1 Rc8 13. g4 exf4 14. Bxf4 Ne5 15. Bxe5 dxe5 16. g5 Nd7 17. Nd5 Bxd5 18. exd5 Bd6 19. Bg4 O-O 20. Bxd7 Qxd7 21. Na5 Rce8 22. Nc6 e4 23. Qe3 f5 24. gxf6 Rxf6 25. h4 Rf3 26. Qe2 Qf7 27. h5 e3 28. a3 Rf2 29. Qd3 e2 30. Rde1 Rf3 31. Qd2 Rf1 32. Nd4 Rxh1 33. Rxh1 Qf1+ 34. Qe1 Qxh1 35. Qxh1 e1=Q+ 36. Qxe1 Rxe1+ 0-1


[Site "https://www.chess.com"]

[Event "Titled Tuesday Blitz August 24 2021"]
[White "Bortnyk, Olexandr"]
[Black "Zhang, Derek"]
[WhiteFideId "14120828"]
[BlackFideId "2087871"]
[WhiteElo "2723"]
[BlackElo "2085"]
[Result "1-0"]
[Round "03"]
[TimeControl "180+1"]
[Date "2021.08.24"]
[WhiteClock "0:01:14"]
[BlackClock "0:00:33"]

1. d4 d6 2. Nc3 e5 3. e4 exd4 4. Qxd4 Nc6 5. Qe3 g6 6. Bc4 Bg7 7. Nf3 Be6 8. Nd5 Ne5 9. Nxe5 dxe5 10. Qb3 c6 11. Ne3 Bxc4 12. Nxc4 Qc7 13. Qxb7 Qxb7 14. Nd6+ Ke7 15. Nxb7 Nf6 16. f3 Nd7 17. Na5 Kd6 18. Be3 Kc7 19. O-O-O Bf8 20. a3 Be7 21. Rd3 Rhd8 22. Rc3 c5 23. Rd1 Rac8 24. Rd5 f6 25. b4 Nb6 26. Rxd8 Rxd8 27. Bxc5 Na4 28. Bb6+ Kxb6 29. Rc6+ Kb5 30. c4# 1-0


[Site "https://www.chess.com"]

[Event "Titled Tuesday Blitz August 24 2021"]
[White "Bryakin, Mikhail"]
[Black "Khodzhamkuliev, Bahadur"]
[WhiteFideId "4165314"]
[BlackFideId "24135046"]
[WhiteElo "2336"]
[BlackElo "2130"]
[Result "1/2-1/2"]
[Round "03"]
[TimeControl "180+1"]
[Date "2021.08.24"]
[WhiteClock "0:02:36"]
[BlackClock "0:02:40"]

1. e4 c5 2. Nf3 d6 3. d4 cxd4 4. Nxd4 Nf6 5. Nc3 g6 6. Bg5 Bg7 7. Qd2 O-O 8. O-O-O Nc6 9. Kb1 Nxd4 10. Qxd4 Qa5 11. h4 b5 12. Nxb5 Be6 1/2-1/2


[Site "https://www.chess.com"]

[Event "Titled Tuesday Blitz August 24 2021"]
[White "Chen, Max"]
[Black "Petrovskyi, Vadym"]
[WhiteFideId "2622440"]
[BlackFideId "14165210"]
[WhiteElo "2452"]
[BlackElo "2334"]
[Result "0-1"]
[Round "03"]
[TimeControl "180+1"]
[Date "2021.08.24"]
[WhiteClock "0:00:42"]
[BlackClock "0:01:08"]

1. e4 c5 2. c3 d5 3. exd5 Qxd5 4. d4 Nf6 5. Nf3 Bg4 6. Be2 e6 7. Be3 Nc6 8. O-O cxd4 9. Nxd4 Bxe2 10. Qxe2 Nxd4 11. cxd4 Be7 12. Nc3 Qd7 13. Rad1 O-O 14. Rd3 Nd5 15. Rfd1 Rfd8 16. Nxd5 Qxd5 17. Rb3 Rac8 18. Qb5 b6 19. Qxd5 Rxd5 20. Rc3 Rxc3 21. bxc3 Kf8 22. Kf1 Bf6 23. Ke2 Ke7 24. Kd3 g6 25. Rc1 Ra5 26. Rc2 b5 27. h3 Ra4 28. g3 Kd6 29. Bf4+ Kd5 30. Be3 a6 31. Bf4 Bg7 32. Be3 f5 33. Bf4 Ra3 34. Rb2 Bxd4 35. Bd2 Bxf2 36. g4 e5 37. gxf5 gxf5 38. Ke2 Bc5 39. Rc2 Kc4 40. Be1 e4 41. Bd2 h5 42. Be1 f4 43. Bd2 f3+ 0-1


[Site "https://www.chess.com"]

[Event "Titled Tuesday Blitz August 24 2021"]
[White "ChessMood"]
[Black "Arabidze, Meri"]
[BlackFideId "13604040"]
[WhiteElo "2808"]
[BlackElo "2432"]
[Result "0-1"]
[Round "03"]
[TimeControl "180+1"]
[Date "2021.08.24"]
[WhiteClock "0:01:02"]
[BlackClock "0:00:22"]

1. Nf3 d5 2. g3 e6 3. Bg2 Nf6 4. O-O Be7 5. d3 O-O 6. Nbd2 c5 7. e4 Nc6 8. Re1 b5 9. e5 Ne8 10. Nf1 Nc7 11. h4 f5 12. exf6 Bxf6 13. N1h2 e5 14. c4 Qd6 15. Ng5 Bxg5 16. hxg5 Be6 17. Ng4 Rad8 18. cxb5 Nxb5 19. Ne3 Nbd4 20. b3 Rf7 21. Ba3 Rdf8 22. Rc1 Nb4 23. Bxb4 cxb4 24. Rf1 Nf3+ 25. Bxf3 Rxf3 26. d4 e4 27. Kg2 Qd7 28. Kg1 Bh3 29. Ng2 Qg4 30. Qd2 Rd3 31. Qxb4 Qxg5 32. Qd6 h5 33. Nf4 Rxg3+ 34. fxg3 Qxg3+ 35. Kh1 Bg2+ 36. Nxg2 Qxd6 37. Rxf8+ Kxf8 38. Kg1 Qg3 39. Rf1+ Ke7 40. Rf5 h4 41. Kh1 h3 42. Nf4 e3 43. Re5+ Kd6 44. Rxd5+ Kc6 45. Rc5+ Kb7 46. Rb5+ Ka6 47. Rf5 Qf3+ 48. Kh2 e2 0-1


[Site "https://www.chess.com"]

[Event "Titled Tuesday Blitz August 24 2021"]
[White "Colas, Joshua"]
[Black "Vlasova, Nataliya"]
[WhiteFideId "2044447"]
[BlackFideId "4122682"]
[WhiteElo "2347"]
[BlackElo "2032"]
[Result "1-0"]
[Round "03"]
[TimeControl "180+1"]
[Date "2021.08.24"]
[WhiteClock "0:00:42"]
[BlackClock "0:00:03"]

1. Nf3 Nf6 2. c4 g6 3. b3 Bg7 4. Bb2 c5 5. g3 b6 6. Bg2 Bb7 7. O-O O-O 8. d4 cxd4 9. Qxd4 d5 10. Rd1 Nc6 11. Qf4 Nb4 12. Na3 Qb8 13. Be5 Qc8 14. Qd2 a5 15. Rac1 Nxa2 16. Qxa2 a4 17. cxd5 Qf5 18. bxa4 Rxa4 19. Qb3 Rfa8 20. Nc4 Bxd5 21. Bxf6 Bxf6 22. Nh4 Bxc4 23. Rxc4 Qa5 24. Bxa8 Ra1 25. Rcc1 Rxc1 26. Rxc1 Qxa8 27. Nf3 Kg7 28. Qxb6 Qe4 29. Qe3 Qb7 30. h4 h6 31. h5 g5 32. Nd4 e6 33. Nf3 Qd5 34. g4 Qa5 35. Kg2 Qa4 36. Nh2 Bd4 37. Qe4 Qb4 38. e3 1-0


[Site "https://www.chess.com"]

[Event "Titled Tuesday Blitz August 24 2021"]
[White "Costachi, Mihnea"]
[Black "Vasli, Aref"]
[WhiteFideId "1217518"]
[BlackFideId "417521"]
[WhiteElo "2482"]
[BlackElo "2257"]
[Result "1-0"]
[Round "03"]
[TimeControl "180+1"]
[Date "2021.08.24"]
[WhiteClock "0:02:19"]
[BlackClock "0:01:13"]

1. d4 Nf6 2. c4 e6 3. Nf3 c5 4. d5 exd5 5. cxd5 d6 6. Nc3 g6 7. Nd2 Bg7 8. e4 O-O 9. Be2 Re8 10. O-O Nbd7 11. h3 a6 12. a4 Rb8 13. Re1 Ne5 14. f4 Ned7 15. Kh1 Qe7 16. Bf3 b5 17. axb5 axb5 18. Ra7 b4 19. Ne2 Rb7 20. Rxb7 Bxb7 21. e5 Nxe5 22. fxe5 Qxe5 23. Nc4 Qg3 24. Nxg3 1-0


[Site "https://www.chess.com"]

[Event "Titled Tuesday Blitz August 24 2021"]
[White "Cunha, Lucas Aguiar"]
[Black "Wagner, Dennis"]
[WhiteFideId "2125404"]
[BlackFideId "24650684"]
[WhiteElo "2564"]
[BlackElo "2796"]
[Result "1/2-1/2"]
[Round "03"]
[TimeControl "180+1"]
[Date "2021.08.24"]
[WhiteClock "0:00:45"]
[BlackClock "0:00:16"]

1. e4 e5 2. Nf3 Nc6 3. Nc3 Nf6 4. Bb5 Bc5 5. Nxe5 Nxe5 6. d4 Bd6 7. f4 Nc6 8. e5 Bb4 9. O-O O-O 10. d5 Bxc3 11. bxc3 Ne4 12. Qe1 f5 13. exf6 Nxf6 14. dxc6 bxc6 15. Bd3 d5 16. Ba3 Re8 17. Qh4 Ne4 18. Qxd8 Rxd8 19. c4 Bf5 20. cxd5 cxd5 21. Rfe1 Rab8 22. c4 Ng3 23. hxg3 Bxd3 24. cxd5 Rxd5 25. Re7 c5 26. Rxa7 c4 27. Rc7 Ra5 28. Bd6 Rb2 29. Be5 Rbxa2 30. Rxg7+ Kf8 31. Rxa2 Rxa2 32. Rc7 h5 33. Kh2 Bf1 34. Kg1 Bd3 35. Kh2 Ke8 36. Kh3 Kd8 37. Rf7 Bf1 38. Kh4 Rxg2 39. f5 Ke8 40. Rc7 Re2 41. Bf4 Re7 42. Rxe7+ Kxe7 43. Kxh5 Kf6 44. g4 Bd3 45. Bd2 Bxf5 46. Bc3+ Ke6 47. gxf5+ Kxf5 48. Kh6 Ke4 49. Kg6 Kd3 50. Bh8 c3 51. Bxc3 1/2-1/2


[Site "https://www.chess.com"]

[Event "Titled Tuesday Blitz August 24 2021"]
[White "Damjanovic, Vladimir"]
[Black "Jarovinsky, Alexey"]
[WhiteFideId "903795"]
[BlackFideId "14115131"]
[WhiteElo "2542"]
[BlackElo "2783"]
[Result "0-1"]
[Round "03"]
[TimeControl "180+1"]
[Date "2021.08.24"]
[WhiteClock "0:00:04"]
[BlackClock "0:00:39"]

1. Nf3 Nc6 2. e4 d6 3. d4 Nf6 4. d5 Nb8 5. Nc3 Bg4 6. Be2 Nbd7 7. O-O g6 8. Be3 Bg7 9. a4 O-O 10. a5 a6 11. h3 Bxf3 12. Bxf3 Re8 13. Re1 Ne5 14. Be2 e6 15. dxe6 Rxe6 16. Bf1 Ned7 17. Bd4 Qe8 18. Bd3 Rd8 19. Qd2 Nc5 20. f3 Nxd3 21. cxd3 c6 0-1


[Site "https://www.chess.com"]

[Event "Titled Tuesday Blitz August 24 2021"]
[White "Darini, Pouria"]
[Black "Delorme, Alban"]
[WhiteFideId "12502200"]
[BlackFideId "623636"]
[WhiteElo "2489"]
[BlackElo "2197"]
[Result "1/2-1/2"]
[Round "03"]
[TimeControl "180+1"]
[Date "2021.08.24"]
[WhiteClock "0:00:21"]
[BlackClock "0:00:45"]

1. e4 c5 2. Nf3 Nc6 3. Bb5 e5 4. O-O Nge7 5. c3 Ng6 6. d4 exd4 7. cxd4 cxd4 8. Nxd4 Qb6 9. Bxc6 dxc6 10. Be3 Bc5 11. Nc3 Qd8 12. Nxc6 Qxd1 13. Raxd1 Bg4 14. Bxc5 Bxd1 15. Nxa7 Bc2 16. Ncb5 Nf4 17. Nc7+ Kd7 18. Nxa8 Ne2+ 19. Kh1 Rxa8 20. f3 b6 21. Bxb6 Rb8 22. Be3 Rxb2 23. Re1 Ba4 24. a3 f6 25. h4 h5 26. Kh2 Kc7 27. f4 Kd7 28. e5 fxe5 29. fxe5 Ke6 30. Nc8 Rc2 31. Nd6 Bc6 32. a4 Nc3 33. Rg1 Bxa4 34. Rc1 Kxe5 35. Rxc2 Bxc2 36. Nf7+ Kf6 37. Ng5 Ne4 38. Bd4+ Kf5 39. Nxe4 Bxe4 40. Bxg7 Kg4 41. Bf6 Bf5 42. Bg5 Be6 43. g3 Bd5 44. Bf4 Bf3 45. Kg1 Be4 46. Kf2 Bf3 47. Ke3 Bd1 48. Kd4 Bf3 49. Ke5 Bd1 50. Kf6 Be2 51. Kg7 Bf3 52. Kh6 Bd1 53. Kg6 Be2 54. Kf6 Bd1 55. Ke5 Be2 56. Kd4 Bd1 57. Ke3 Bf3 58. Kd2 Bg2 59. Kd1 Bf3+ 60. Kd2 Be4 61. Ke3 Bf3 62. Kf2 Bd1 63. Ke3 Bf3 1/2-1/2


[Site "https://www.chess.com"]

[Event "Titled Tuesday Blitz August 24 2021"]
[White "Demidov, Mikhail"]
[Black "Rottenwohrer Suarez, Juan"]
[WhiteFideId "4197143"]
[BlackFideId "32068182"]
[WhiteElo "2559"]
[BlackElo "2158"]
[Result "1/2-1/2"]
[Round "03"]
[TimeControl "180+1"]
[Date "2021.08.24"]
[WhiteClock "0:00:58"]
[BlackClock "0:00:23"]

1. Nf3 Nf6 2. g3 g6 3. b3 Bg7 4. Bb2 O-O 5. Bg2 c5 6. c4 Nc6 7. O-O d6 8. d4 cxd4 9. Nxd4 Bd7 10. Nc2 a6 11. Nc3 Rb8 12. Ne3 b5 13. Qd2 Ne5 14. cxb5 axb5 15. Ncd5 Nxd5 16. Nxd5 e6 17. Nf4 d5 18. e4 dxe4 19. Bxe4 Bc6 20. Qxd8 Rfxd8 21. Bxe5 Bxe4 22. Bxb8 Bxa1 23. Rxa1 Rxb8 24. a4 Bc2 25. axb5 Rxb5 26. Ne2 Rxb3 27. Nd4 Rb1+ 28. Rxb1 Bxb1 29. f4 h5 30. Kf2 Ba2 31. Ke3 f6 32. Ne2 Kf7 33. Nc3 Bb3 34. h4 Bd5 35. Ne2 e5 36. Nc3 Ke6 37. fxe5 Kxe5 38. Ne2 Kf5 39. Kf2 Kg4 40. Nf4 Bf7 41. Ng2 g5 42. Ne3+ Kh3 43. hxg5 fxg5 44. Nf5 Be6 45. Nd4 Bd7 46. Nf3 h4 47. Nxg5+ Kg4 48. gxh4 Kxh4 1/2-1/2


[Site "https://www.chess.com"]

[Event "Titled Tuesday Blitz August 24 2021"]
[White "Djordjevic, Vuk"]
[Black "Moroni, Luca Jr"]
[WhiteFideId "902098"]
[BlackFideId "865834"]
[WhiteElo "2463"]
[BlackElo "2491"]
[Result "0-1"]
[Round "03"]
[TimeControl "180+1"]
[Date "2021.08.24"]
[WhiteClock "0:00:03"]
[BlackClock "0:00:24"]

1. d4 g6 2. e4 Bg7 3. Nf3 d6 4. Nc3 Nf6 5. Be2 O-O 6. O-O a6 7. a4 Nc6 8. Be3 Ng4 9. Bg5 h6 10. Bh4 Nf6 11. Re1 g5 12. Bg3 Nh5 13. d5 Nxg3 14. hxg3 Ne5 15. Nxe5 Bxe5 16. Qd2 e6 17. f4 Bg7 18. dxe6 Bxe6 19. f5 Bd7 20. Bc4 Bc6 21. Rab1 Be5 22. Qd3 g4 23. b3 Qg5 24. Ne2 Rae8 25. Nd4 Bd7 26. c3 h5 27. Qe3 Qxe3+ 28. Rxe3 Bxd4 29. cxd4 Bxf5 30. Rbe1 Be6 31. d5 Bd7 32. Bd3 Re5 33. Rc1 c5 34. Re2 Kg7 35. Rf2 f6 36. a5 Be8 37. b4 cxb4 38. Rc4 Bb5 39. Rc7+ Rf7 40. Rxf7+ Kxf7 41. Bxb5 axb5 42. Rc2 Rxe4 43. Rc7+ Re7 44. Rc2 b3 45. Rb2 Re3 46. Rb1 Rxg3 0-1


[Site "https://www.chess.com"]

[Event "Titled Tuesday Blitz August 24 2021"]
[White "Do Nascimento,Christian Almeida"]
[Black "Urazayev, Arystanbek"]
[WhiteFideId "2143801"]
[BlackFideId "13709810"]
[WhiteElo "2083"]
[BlackElo "2321"]
[Result "0-1"]
[Round "03"]
[TimeControl "180+1"]
[Date "2021.08.24"]
[WhiteClock "0:01:57"]
[BlackClock "0:01:49"]

1. d4 d5 2. Bf4 Nf6 3. e3 e6 4. Bd3 c5 5. c3 Nc6 6. Nf3 Nh5 7. Bg3 Qb6 8. Qc1 Nxg3 9. hxg3 Bd7 10. Nbd2 O-O-O 11. O-O Kb8 12. Rb1 Be7 13. a3 h5 14. c4 cxd4 15. exd4 Nxd4 16. b4 Nxf3+ 17. Nxf3 dxc4 18. Bxc4 Bf6 19. Qf4+ Qc7 20. Qe3 Bc6 21. Rfc1 h4 22. gxh4 Bxf3 23. Qxf3 Rxh4 24. g3 Rxc4 0-1


[Site "https://www.chess.com"]

[Event "Titled Tuesday Blitz August 24 2021"]
[White "Dobrowolski, Piotr"]
[Black "Cunjalo, Faris"]
[WhiteFideId "1106236"]
[BlackFideId "14410710"]
[WhiteElo "2296"]
[BlackElo "2234"]
[Result "1-0"]
[Round "03"]
[TimeControl "180+1"]
[Date "2021.08.24"]
[WhiteClock "0:00:27"]
[BlackClock "0:01:17"]

1. e4 c5 2. c3 Nf6 3. e5 Nd5 4. d4 cxd4 5. Nf3 e6 6. cxd4 Nc6 7. Nc3 Nxc3 8. bxc3 d6 9. exd6 Qxd6 10. Bd3 Be7 11. O-O O-O 12. Re1 b6 13. Ng5 Bxg5 14. Bxg5 Ne7 15. Qh5 Ng6 16. Re3 Bb7 17. Rh3 h6 18. Bxh6 Qd5 19. Qxd5 Bxd5 20. Bd2 Rac8 21. a4 Bc4 22. Bc2 Rfd8 23. Rg3 Ne7 24. Bh6 g6 25. Bg5 Rd7 26. Bf6 Nd5 27. Be5 Kf8 28. Rh3 Ke7 29. Bxg6 Rg8 30. Be4 f6 31. Rh7+ Kd8 32. Rxd7+ Kxd7 33. Bxd5 Bxd5 34. Bg3 Rc8 35. Ra3 a5 36. f3 Rc4 37. h4 Bc6 38. h5 Ke7 39. Bc7 Bxf3 40. Bxb6 Bxh5 41. Bxa5 Bd1 42. Bb4+ Kd7 43. a5 Kc7 44. a6 Kb8 45. a7+ Ka8 46. Bc5 Ra4 47. Rxa4 Bxa4 48. Kf2 f5 49. Ke3 Bc6 50. g3 Bb5 51. Kf4 Bc4 52. Ke5 Kb7 53. Kd6 Ba2 54. Bb6 Bb3 55. Kc5 Ba2 56. c4 Ka8 57. d5 exd5 58. cxd5 Kb7 59. d6 Be6 60. Kd4 Bd7 61. Ke5 Bc6 62. Bc5 Bd7 63. Kf6 1-0


[Site "https://www.chess.com"]

[Event "Titled Tuesday Blitz August 24 2021"]
[White "Drozdowski, Kacper"]
[Black "Maltsevskaya, Aleksandra"]
[WhiteFideId "1136720"]
[BlackFideId "24174041"]
[WhiteElo "2797"]
[BlackElo "2583"]
[Result "1-0"]
[Round "03"]
[TimeControl "180+1"]
[Date "2021.08.24"]
[WhiteClock "0:00:13"]
[BlackClock "0:00:01"]

1. e4 c6 2. d4 d5 3. e5 Bf5 4. Nf3 e6 5. Be2 c5 6. Be3 cxd4 7. Nxd4 Ne7 8. O-O Nbc6 9. c4 Bg6 10. Nc3 a6 11. cxd5 Nxd5 12. Nxd5 Qxd5 13. Nxc6 bxc6 14. Rc1 Be7 15. Bf3 Be4 16. Bxe4 Qxe4 17. Qd4 Qxd4 18. Bxd4 Kd7 19. Bb6 Rhc8 20. Rfd1+ Ke8 21. b3 Rab8 22. Bd4 Rb5 23. Kf1 f6 24. exf6 gxf6 25. Ke2 Rd5 26. Be3 Kd7 27. Rc4 e5 28. Rh4 Ke6 29. Rxh7 a5 30. Rh4 f5 31. Rh6+ Kf7 32. Rxc6 Rxc6 33. Rxd5 f4 34. Bd2 Ke6 35. Rxa5 Rc2 36. Ra6+ Kf5 37. Kd3 Rc8 38. g3 e4+ 39. Ke2 f3+ 40. Ke1 Rc2 41. Kd1 Rc8 42. h3 Rd8 43. Ke1 Bc5 44. Ra5 Rd5 45. b4 e3 46. Rxc5 1-0


[Site "https://www.chess.com"]

[Event "Titled Tuesday Blitz August 24 2021"]
[White "Fedoseev, Vladimir"]
[Black "Wagh Suyog"]
[WhiteFideId "24130737"]
[BlackFideId "25071688"]
[WhiteElo "2756"]
[BlackElo "2219"]
[Result "1-0"]
[Round "03"]
[TimeControl "180+1"]
[Date "2021.08.24"]
[WhiteClock "0:00:11"]
[BlackClock "0:00:03"]

1. b3 d5 2. Bb2 Bg4 3. h3 Bh5 4. d3 c6 5. Nd2 e6 6. Ngf3 Nf6 7. g4 Bg6 8. h4 h5 9. g5 Ng4 10. e3 Nd7 11. Qe2 a5 12. a4 Qc7 13. Bh3 O-O-O 14. Nd4 e5 15. N4f3 Bd6 16. Ng1 e4 17. dxe4 dxe4 18. Nc4 Bb4+ 19. Kf1 Kb8 20. Bxg7 Rhg8 21. Bd4 f5 22. c3 Be7 23. b4 axb4 24. cxb4 Bxb4 25. Qb2 c5 26. Bc3 Bf7 27. Na3 f4 28. Nb5 Bc4+ 29. Ne2 Qc6 30. Bxg4 hxg4 31. Bxb4 cxb4 32. Kg1 g3 33. Nxf4 gxf2+ 34. Kxf2 Nc5 35. Qe5+ Ka8 36. Nd4 Qb6 37. a5 Qa7 38. Kg3 Rge8 39. Qg7 Nd3 40. Raf1 Bb3 41. h5 Rg8 42. Qf6 Qxa5 43. g6 Ba4 44. h6 Rdf8 45. h7 Rxf6 46. hxg8=Q+ Ka7 47. Rh5 Qb6 48. g7 Nxf4 49. Rxf4 Rg6+ 50. Rg4 Qd6+ 51. Kh3 Bd7 52. Nb5+ Bxb5 53. Rxg6 Qxg6 54. Rxb5 Qh6+ 55. Kg4 Qg6+ 56. Rg5 Qe6+ 57. Qxe6 1-0


[Site "https://www.chess.com"]

[Event "Titled Tuesday Blitz August 24 2021"]
[White "Firat, Burak"]
[Black "Lopez Del Alamo, Antonio"]
[WhiteFideId "6305881"]
[BlackFideId "2227339"]
[WhiteElo "2531"]
[BlackElo "2085"]
[Result "1-0"]
[Round "03"]
[TimeControl "180+1"]
[Date "2021.08.24"]
[WhiteClock "0:00:49"]
[BlackClock "0:00:20"]

1. d4 Nf6 2. Bg5 Ne4 3. Bf4 c5 4. d5 g6 5. Nd2 Nxd2 6. Qxd2 Bg7 7. O-O-O d6 8. h4 h5 9. e4 a6 10. Nf3 Nd7 11. Qe3 Qa5 12. Kb1 Nb6 13. e5 dxe5 14. Bxe5 Bxe5 15. Nxe5 O-O 16. g4 Na4 17. gxh5 Qb4 18. Qb3 Qf4 19. hxg6 Qxe5 20. g7 Kxg7 21. Qxa4 b5 22. Qa3 Bf5 23. Rg1+ Kh7 24. Rg5 Kh8 25. Qf3 e6 26. Qh5+ 1-0


[Site "https://www.chess.com"]

[Event "Titled Tuesday Blitz August 24 2021"]
[White "Gontcharov, Vladislav"]
[Black "Postny, Evgeny"]
[WhiteFideId "4123492"]
[BlackFideId "2804344"]
[WhiteElo "2534"]
[BlackElo "2766"]
[Result "1-0"]
[Round "03"]
[TimeControl "180+1"]
[Date "2021.08.24"]
[WhiteClock "0:00:10"]
[BlackClock "0:00:02"]

1. e4 c6 2. d4 d5 3. Nc3 dxe4 4. Nxe4 Nf6 5. Nxf6+ exf6 6. c3 Bd6 7. Bd3 O-O 8. Ne2 h5 9. Qc2 Re8 10. h3 Nd7 11. O-O Qc7 12. c4 Nf8 13. c5 Be7 14. Bf4 Qd8 15. Rad1 Ne6 16. Bg3 g6 17. Bc4 f5 18. b4 Nc7 19. Bxc7 Qxc7 20. d5 cxd5 21. Bxd5 Bf6 22. Nc3 Qf4 23. Qb3 Be6 24. Bxe6 Rxe6 25. Nd5 Qb8 26. Rfe1 Bg7 27. Ne7+ Kh7 28. Rxe6 fxe6 29. Qxe6 Qe8 30. Rd7 a5 31. b5 Rc8 32. c6 bxc6 33. bxc6 Rb8 34. g3 Rb1+ 35. Kg2 h4 36. gxh4 f4 37. h5 f3+ 38. Kh2 Qf8 39. hxg6+ Kh8 40. Nf5 Rb2 41. Rxg7 Rxf2+ 42. Kg3 Qb8+ 43. c7 Rg2+ 44. Kxf3 Qa8+ 45. Kf4 1-0


[Site "https://www.chess.com"]